Map: Catalyst LE

Players

Scarlett

  • Race: Zerg Zerg
  • League: Master
  • Spawn Location: 5:00

Solar - Winner!

  • Race: Zerg Zerg
  • League: Master
  • Spawn Location: 11:00

Event: Memes & Dreams Invitational

VOD

Have the link to the VOD?

Description

Time

  • Played on: April 15, 2018, 12:05 a.m.
  • Length: 11:59

All games in this series

Show
View Real Time Build Order
Export as new Build Order

Scarlett Zerg 

Build Orders: Hatch First 

Get SALT Encoding   

  12  0:00  Drone  
  13  0:12  Overlord  
  13  0:17  Drone  
  14  0:31  Drone x2  
  14  0:35  Drone  
  17  0:51  Hatchery  
  17  0:54  Drone  
  17  0:57  Drone  
  17  1:03  Extractor  
  17  1:12  Spawning Pool  
  17  1:16  Drone  
  17  1:19  Drone  
  18  1:28  Drone  
  19  1:39  Drone  
  20  1:49  Overlord  
  20  1:58  Queen  
  22  2:03  Queen  
  22  2:04  Drone x2  
  26  2:13  Drone  
  26  2:15  Drone  
  28  2:23  Drone  
  28  2:25  Drone  
  30  2:35  Spore Crawler  
  29  2:39  Queen  
  29  2:41  Drone x2  
  29  2:44  Drone  
  32  2:47  Drone  
  33  2:55  Drone  
  33  2:57  Drone  
  35  3:02  Evolution Chamber  
  35  3:03  Lair  
  35  3:04  Drone  
  35  3:09  Overlord  
  35  3:20  Drone  
  35  3:21  Roach Warren  
  35  3:22  Drone  
  35  3:24  Overlord  
  35  3:25  Extractor  
  35  3:27  Drone  
  35  3:28  Zerg Missile Weapons Level 1  
  35  3:33  Drone x2  
  38  3:42  Drone  
  38  3:44  Drone x2, Overlord  
  38  3:47  Drone  
  42  3:48  Drone  
  42  3:49  Drone  
  42  3:50  Drone  
  45  3:58  Evolution Chamber  
  45  4:01  Roach x2  
  48  4:06  Evolution Chamber  
  48  4:07  Roach  
  47  4:14  Evolution Chamber, Roach x2  
  47  4:16  Roach  
  52  4:28  Roach x4  
  52  4:31  Evolution Chamber  
  61  4:34  Overlord x2  
  61  4:36  Overseer  
  61  4:38  Glial Reconstitution  
  61  4:45  Overlord  
  61  4:50  Extractor, Overlord  
  60  4:54  Drone x3  
  60  4:59  Roach x3  
  69  5:13  Drone x5  
  74  5:17  Extractor, Zerg Ground Armor Level 1  
  73  5:25  Drone x3  
  76  5:38  Hatchery  
  76  5:41  Zerg Missile Weapons Level 2  
  75  5:44  Roach  
  75  5:45  Roach x2  
  75  5:48  Overseer  
  75  5:49  Overlord  
  81  5:52  Drone  
  82  6:02  Drone x6  
  88  6:05  Overlord  
  88  6:12  Queen  
  88  6:13  Overlord  
  88  6:18  Drone x3  
  93  6:19  Drone  
  93  6:24  Overlord  
  94  6:27  Roach  
  98  6:33  Roach x2  
  98  6:37  Roach x2  
  104  6:40  Roach  
  104  6:41  Roach  
  108  6:47  Roach  
  108  6:48  Roach x2  
  114  6:54  Roach  
  114  6:55  Roach x2  
  114  7:00  Overlord x2  
  120  7:04  Roach x2  
  124  7:10  Roach x3  
  124  7:14  Overlord  
  130  7:24  Roach x6  
  130  7:27  Roach  
  130  7:28  Roach  
  146  7:31  Overlord  
  146  7:34  Overlord  
  146  7:36  Roach  
  150  7:41  Ravager x2  
  150  7:42  Ravager x2  
  154  7:47  Ravager x2  
  154  7:49  Overlord  
  154  7:51  Ravager x3  
  157  7:53  Roach x2  
  157  7:54  Overlord  
  157  7:56  Roach  
  157  7:57  Drone x6  
  169  8:00  Extractor  
  149  8:17  Roach x8  
  149  8:18  Roach  
  165  8:22  Roach x2  
  163  8:29  Roach  
  163  8:30  Roach x3  
  158  8:43  Drone x4  
  158  8:45  Overseer  
  152  8:51  Drone x2  
  152  8:59  Drone  
  153  9:03  Extractor  
  153  9:09  Roach x6  
  164  9:12  Overlord  
  164  9:19  Roach  
  164  9:20  Roach  
  164  9:23  Hatchery  
  167  9:28  Roach x3  
  175  9:43  Roach x4  
  175  9:44  Roach  
  185  9:45  Queen  
  140  10:06  Roach x8  
  148  10:09  Roach  
  139  10:15  Roach  
  128  10:22  Roach x3  
  128  10:27  Roach x2  
  128  10:28  Overseer  
  121  10:37  Drone x7  
  117  10:43  Overseer  
  117  10:49  Pneumatized Carapace  
  113  10:54  Drone x2  
  113  10:56  Roach x4  
  123  10:58  Queen  
  123  11:01  Overseer  
  127  11:04  Spine Crawler, Hatchery, Roach x5  
  127  11:06  Ravager x8  
  127  11:07  Ravager  
  142  11:12  Roach x3  
  148  11:22  Roach  
  148  11:23  Roach x4  
  158  11:29  Roach  
Show
View Real Time Build Order
Export as new Build Order

Solar Zerg - Winner!

Build Orders: Pool First 

Get SALT Encoding   

  12  0:02  Drone  
  13  0:12  Overlord  
  13  0:18  Drone  
  14  0:31  Drone  
  14  0:32  Drone  
  16  0:36  Drone  
  17  0:45  Spawning Pool  
  17  0:49  Drone  
  17  1:09  Hatchery  
  16  1:12  Drone  
  17  1:26  Extractor  
  17  1:31  Zergling x4  
  17  1:32  Zergling x2  
  19  1:33  Queen  
  21  1:42  Overlord  
  21  1:53  Drone  
  22  2:04  Drone  
  23  2:08  Queen  
  25  2:17  Drone  
  25  2:21  Queen  
  25  2:22  Drone  
  29  2:25  Drone  
  30  2:32  Drone  
  31  2:37  Drone  
  31  2:41  Metabolic Boost  
  31  2:42  Drone  
  31  2:43  Drone  
  34  2:48  Overlord  
  33  2:52  Baneling Nest  
  33  2:56  Drone  
  33  2:57  Drone  
  34  3:00  Drone  
  36  3:08  Drone x2  
  36  3:11  Overlord  
  38  3:19  Zergling x6  
  41  3:23  Drone x2  
  43  3:30  Zergling x8  
  43  3:33  Lair  
  47  3:36  Evolution Chamber  
  45  3:41  Overlord  
  45  3:44  Overlord  
  45  3:46  Overlord  
  45  3:58  Overlord  
  45  4:00  Drone x3  
  45  4:01  Drone  
  49  4:03  Drone x2  
  50  4:11  Roach Warren  
  50  4:12  Extractor, Zerg Missile Weapons Level 1  
  50  4:14  Drone  
  50  4:16  Drone  
  49  4:20  Extractor, Drone  
  49  4:21  Drone  
  49  4:23  Drone  
  51  4:25  Drone  
  51  4:27  Drone  
  51  4:30  Drone  
  54  4:35  Drone  
  55  4:49  Overseer  
  55  4:50  Glial Reconstitution  
  55  4:51  Hatchery, Roach x2  
  58  4:53  Roach  
  58  4:57  Roach  
  64  5:00  Roach  
  64  5:04  Roach x2  
  70  5:07  Roach  
  70  5:10  Roach  
  70  5:11  Overlord  
  74  5:14  Roach  
  74  5:17  Roach  
  74  5:20  Overlord  
  76  5:27  Overlord  
  76  5:30  Roach x3  
  81  5:35  Overlord  
  81  5:46  Roach x3  
  81  5:47  Drone x2  
  89  5:50  Overlord  
  89  5:52  Drone x2  
  91  5:57  Drone  
  91  6:01  Extractor  
  91  6:02  Drone  
  91  6:03  Drone  
  93  6:08  Drone  
  94  6:12  Drone x4  
  94  6:14  Overlord  
  98  6:22  Overlord, Tunneling Claws, Burrow  
  98  6:26  Drone x2  
  98  6:27  Roach  
  101  6:37  Roach x4  
  109  6:41  Roach x2  
  113  6:47  Overlord  
  113  6:50  Zerg Missile Weapons Level 2  
  113  6:51  Drone x5  
  113  6:52  Drone, Extractor  
  113  6:53  Drone  
  113  6:54  Drone  
  120  6:56  Roach  
  120  7:00  Overlord  
  122  7:07  Roach x4  
  122  7:08  Roach  
  132  7:12  Ravager x2  
  132  7:13  Overlord  
  132  7:15  Roach x2  
  138  7:19  Overlord  
  138  7:20  Roach  
  138  7:21  Roach  
  142  7:30  Roach x3  
  142  7:31  Overlord  
  142  7:33  Roach x2  
  142  7:34  Roach  
  154  7:38  Roach x2  
  154  7:39  Ravager  
  163  7:44  Roach x3  
  163  7:47  Roach x2  
  169  7:52  Overlord  
  169  7:53  Roach  
  169  7:56  Ravager  
  169  7:57  Overlord  
  169  7:58  Roach x3  
  172  7:59  Roach x2  
  172  8:03  Roach x2  
  174  8:05  Roach  
  174  8:06  Roach  
  174  8:10  Roach  
  161  8:14  Roach  
  161  8:17  Roach x22  
  161  8:19  Roach  
  148  8:22  Queen x2, Roach x5  
  148  8:25  Roach  
  142  8:30  Roach x2  
  142  8:31  Roach x3  
  152  8:34  Roach x22  
  152  8:40  Roach x2  
  152  8:44  Ravager  
  152  8:45  Roach  
  152  8:46  Roach x31  
  152  8:47  Roach x31  
  152  8:48  Roach  
  157  8:51  Extractor, Roach  
  157  8:55  Roach  
  148  9:03  Roach x5  
  148  9:05  Extractor  
  148  9:08  Hatchery, Ravager x2  
  158  9:10  Overlord  
  158  9:11  Roach x2  
  162  9:20  Roach x2  
  162  9:22  Overlord  
  166  9:27  Roach x3  
  172  9:38  Roach x7  
  186  9:41  Roach  
  188  9:46  Roach  
  188  9:50  Roach x7  
  180  9:53  Roach  
  180  9:54  Roach x4  
  180  9:55  Roach x5  
  180  9:59  Roach  
  155  10:00  Roach  
  155  10:04  Roach  
  137  10:08  Roach  
  139  10:14  Roach x5  
  139  10:18  Roach  
  139  10:19  Roach x4  
  147  10:23  Roach x3  
  147  10:26  Roach x4  
  147  10:27  Roach  
  155  10:29  Overseer  
  155  10:30  Roach x3  
  155  10:33  Roach x2  
  153  10:38  Extractor  
  153  10:40  Roach x2  
  155  10:42  Roach x2  
  155  10:46  Roach  
  155  10:47  Roach  
  157  10:52  Ravager x2  
  157  10:53  Roach x2  
  157  10:56  Roach  
  159  11:00  Roach  
  161  11:08  Hatchery  
  161  11:09  Ravager  
  161  11:10  Ravager  
  162  11:12  Roach  
  162  11:15  Roach x3  
  162  11:16  Roach x2  
  168  11:20  Roach  
  168  11:25  Roach x3  
  176  11:28  Roach  
  176  11:35  Roach x2  
  176  11:39  Ravager  
  181  11:40  Roach x2  
Tags
 
Add a new tag
Caveats
  • Supply blocks, unpowered buildings, or Contaminate may cause inaccurate times.
  • Supply counts are checked every 10 seconds.